cohdb
Replays
Latest Replays
All Replays
Popular Replays
Top Player Replays
Match Explorer
How It Works
Community
CoH3 Stats
Reddit
Sign in to upload your games and track your stats! →
Sign in with Steam
Match 24788821
Unlisted
Match 24788821
Overview
Messages
Build Orders
End
Construct Barracks
Selects Armored Battlegroup
Selects Veteran Crews
Riflemen Squad
Riflemen Squad
1⁄4-ton 4x4 Truck
Grenade Package
Riflemen Squad
Riflemen Squad
Air Support Center
Selects Strength in Steel
Selects Field Repairs
Construct Medical Station
Engineer Squad
Engineer Squad
Construct Tank Depot
Engineer Squad
Selects M8 Scott SPG
Selects UNKNOWN (2160077)
M8 Scott SPG
Riflemen Squad
M4A3E8 Sherman Easy Eight
Scout Squad
HaKun233
Wrathment
0
0
Comments
sign in to comment!
No comments posted yet!